 Dungeon Sprint DCSS version 0.21-a0-258-g4c0eb85 (webtiles) character file.

119 Kidiri the Slasher (level 4, -1/38 HPs)
             Began as a Demonspawn Monk on Sept 6, 2017.
             Was an Elder of Wu Jian.
             Impaled on a porcupine's spines (15 damage)
             ... in the Dungeon (Sprint VII: "The Pits").
             The game lasted 00:02:43 (646 turns).

Kidiri the Slasher (Demonspawn Monk)                 Turns: 646, Time: 00:02:44

Health: -1/38      AC:  2    Str: 12    XL:     4   Next: 74%
Magic:  4/4        EV: 15    Int: 11    God:    Wu Jian [****..]
Gold:   0          SH:  0    Dex: 16    Spells: 3/3 levels left

rFire    . . .     SeeInvis .   a - +0 long sword (flame)
rCold    . . .     Gourm    .   (no shield)
rNeg     . . .     Faith    .   b - +0 robe
rPois    .         Spirit   .   (helmet restricted)
rElec    .         Reflect  .   (no cloak)
rCorr    .         Harm     .   (no gloves)
MR       .....     NoTele   +   (no boots)
Stlth    +++.......             (no amulet)
HPRegen  0.12/turn              (no ring)
MPRegen  0.09/turn              (no ring)

@: exhausted
A: antennae 1, demonic guardian 1
a: Serpent's Lash, Renounce Religion


You were in the Dungeon.
You worshipped Wu Jian.
Wu Jian was greatly pleased with you.
You were not hungry.

You visited 1 branch

Inventory:

Hand Weapons
 a - a +0 long sword of flaming (weapon)
Armour
 b - a +0 robe (worn)
Scrolls
 i - a scroll of blinking
 l - 3 scrolls of remove curse
 m - 5 scrolls of amnesia
 n - a scroll of summoning
Potions
 d - 6 potions of curing
 e - 5 potions of heal wounds
 f - a potion of haste
 g - 4 potions of magic
 h - 2 potions of berserk rage
 k - 2 potions of invisibility
Comestibles
 c - 8 bread rations
 o - 40 fruits
 p - 7 meat rations


   Skills:
 + Level 4.3 Fighting
 * Level 5.3 Long Blades
 + Level 2.9 Armour
 * Level 5.3 Dodging
 + Level 4.1 Stealth


You had 3 spell levels left.
You didn't know any spells.

Dungeon Overview and Level Annotations

Branches:
Dungeon (1/1)

Altars:
Ashenzari
Cheibriados
Dithmenos
Elyvilon
Fedhas
Gozag
Hepliaklqana
Kikubaaqudgha
Makhleb
Nemelex Xobeh
Okawaru
Qazlal
Ru
Sif Muna
Trog
Uskayaw
Vehumet
Wu Jian
Xom
Yredelemnul
Zin
The Shining One
Beogh
Jiyva
Lugonu


Innate Abilities, Weirdness & Mutations

You have a pair of small antennae on your head.
A weak demonic guardian rushes to your aid.


Message History

The porcupine is heavily wounded.
The flying skull hits you. The porcupine barely misses you.
Unknown command.
Your muscles tense, ready for explosive movement...
You spin and attack the porcupine with incredible momentum.
You barely miss the porcupine.
The porcupine is heavily wounded.
Swooosh!
Unknown command.
You spin and attack the porcupine with incredible momentum.
You are struck by the porcupine's spines.
You barely miss the porcupine.
The porcupine is heavily wounded.
ZOOOM!
A mummy comes into view.
Unknown command.
Unknown command.
You spin and attack the porcupine.
You are struck by the porcupine's spines.
You die...

#.#.)####))##.....
#.#..#..#))##.....
#.#..#..#..##.....
#.##+#..#+###...<.
#.#........##.....
#.#........##.....
#'###########.....
#..5....# ######
#@r###..#
#.§§z...#
##.###.## #5..M
#..### #... ####


You could see a flying skull, a porcupine and an iron imp.

Vanquished Creatures
  A floating eye (D)
  An ufetubus (D)
  An adder skeleton (D)
  A leopard gecko (D)
  An orc (D)
  A ball python (D)
  A bat skeleton (D)
  A goblin (D)
  A hobgoblin (D)
  3 jackals (D)
  A jackal zombie (D)
13 creatures vanquished.

Notes
Turn   | Place    | Note
-------+----------+-------------------------------------------
     0 | D        | Kidiri the Demonspawn Monk began the quest for the Orb.
     0 | D        | Reached XP level 1. HP: 18/18 MP: 1/1
    51 | D        | Found a bloodstained altar of Trog.
    51 | D        | Found a deep blue altar of Sif Muna.
    51 | D        | Found a viscous altar of Jiyva.
    51 | D        | Found a hazy altar of Hepliaklqana.
    51 | D        | Found an opulent altar of Gozag.
    52 | D        | Found a glowing golden altar of the Shining One.
    52 | D        | Found a glowing silver altar of Zin.
    52 | D        | Found a basalt altar of Yredelemnul.
    52 | D        | Found a shimmering altar of Xom.
    52 | D        | Found an ornate altar of the Wu Jian Council.
    52 | D        | Found a sacrificial altar of Ru.
    52 | D        | Found a stormy altar of Qazlal.
    52 | D        | Found an iron altar of Okawaru.
    52 | D        | Found a sparkling altar of Nemelex Xobeh.
    52 | D        | Found a burning altar of Makhleb.
    52 | D        | Found a blossoming altar of Fedhas.
    52 | D        | Found a white marble altar of Elyvilon.
    52 | D        | Found a shadowy altar of Dithmenos.
    52 | D        | Found a snail-covered altar of Cheibriados.
    54 | D        | Found a radiant altar of Vehumet.
    54 | D        | Found a corrupted altar of Lugonu.
    54 | D        | Found a roughly hewn altar of Beogh.
    55 | D        | Found a hide-covered altar of Uskayaw.
    55 | D        | Found an ancient bone altar of Kikubaaqudgha.
    55 | D        | Found a shattered altar of Ashenzari.
    63 | D        | Became a worshipper of the Wu Jian Council
    63 | D        | Reached * piety under Wu Jian
    63 | D        | Reached ** piety under Wu Jian
   192 | D        | Reached *** piety under Wu Jian
   199 | D        | Gained mutation: You have a pair of small antennae on your head. [demonic ancestry]
   199 | D        | Reached XP level 2. HP: 14/24 MP: 2/2
   202 | D        | Reached skill level 1 in Armour
   357 | D        | Reached **** piety under Wu Jian
   640 | D        | Noticed a porcupine
   644 | D        | Noticed a floating eye
   644 | D        | Noticed a flying skull
   645 | D        | Killed a floating eye
   645 | D        | Reached skill level 5 in Long Blades
   645 | D        | Reached skill level 5 in Dodging
   645 | D        | Gained mutation: A weak demonic guardian rushes to your aid. [demonic ancestry]
   645 | D        | Reached XP level 3. HP: 26/31 MP: 3/3
   645 | D        | Reached XP level 4. HP: 32/38 MP: 4/4
   646 | D        | Impaled on a porcupine's spines

Vault maps used:
D:        pitsprint

Skill      XL: |  1  2 |
---------------+-------+-----
Long Blades    | 3 5 |  5.3
Dodging        | 3 5 |  5.3
Stealth        | 2 4 |  4.1
Armour         | 2 |  2.9
Fighting       | 4 |  4.3

Action                   |  1- 3 |  4- 6 || total
-------------------------+-------+-------++-------
Melee: Falchion          |    40 |       ||    40
       Long sword        |     3 |     4 ||     7
Invok: Serpent's Lash    |       |     1 ||     1
  Use: Potion            |     2 |       ||     2
 Stab: Sleeping          |     3 |       ||     3
Armor: Robe              |    12 |       ||    12
Dodge: Dodged            |    51 |     1 ||    52
       Rpst.: Falchion   |    11 |       ||    11

Table legend:
 A = Spawn XP
 B = Non-spawn XP
 C = Spawn XP percentage of total XP
 D = Spawn monster count
 E = Non-spawn monster count
 F = Spawn count percentage of total count
 G = Total turns spent on level
                    A         B        C        D         E        F      G
               +---------+---------+-------+---------+---------+-------+---------
         Total |       0 |     171 |   0.0 |       0 |      13 |   0.0 |   646
               +---------+---------+-------+---------+---------+-------+---------
             D |       0 |     171 |   0.0 |       0 |      13 |   0.0 |   646
               +---------+---------+-------+---------+---------+-------+---------
